 Dungeon Crawl Stone Soup version 0.21-a0-417-g0adc95b (webtiles) character file.

37 slep the Slasher (level 3, -11/27 HPs)
             Began as a Demonspawn Gladiator on Nov 4, 2017.
             Engulfed by a cloud of flame (15 damage)
             ... on level 1 of the Dungeon.
             The game lasted 00:02:54 (517 turns).

slep the Slasher (Demonspawn Gladiator)              Turns: 517, Time: 00:02:55

Health: -11/27     AC:  4    Str: 14    XL:     3   Next: 23%
Magic:  3/3        EV: 13    Int:  9    God:
Gold:   31         SH:  0    Dex: 15    Spells: 2/2 levels left

rFire    . . .     SeeInvis .   a - +0 long sword
rCold    . . .     Gourm    .   (no shield)
rNeg     . . .     Faith    .   b - +0 leather armour
rPois    .         Spirit   .   c - +0 helmet
rElec    .         Reflect  .   (no cloak)
rCorr    .         Harm     .   (no gloves)
MR       .....                  (no boots)
Stlth    +.........             (no amulet)
HPRegen  0.09/turn              (no ring)
MPRegen  0.08/turn              (no ring)

@: no status effects
A: claws 1, spiny 1
a: no special abilities


You were on level 1 of the Dungeon.
You were not hungry.

You visited 1 branch of the dungeon, and saw 1 of its levels.

You collected 31 gold pieces.

Inventory:

Hand Weapons
 a - a +0 long sword (weapon)
Missiles
 d - 3 throwing nets (quivered)
Armour
 b - a +0 leather armour (worn)
 c - a +0 helmet (worn)
Scrolls
 e - 3 scrolls of identify {unknown}
 h - a scroll of amnesia {unknown}
 k - a scroll of teleportation {unknown}
 m - a scroll of fear {unknown}
Potions
 i - a potion of invisibility {unknown}
 j - 2 potions of flight {unknown}
Comestibles
 f - a bread ration
 g - a meat ration
 l - a chunk of flesh


   Skills:
 + Level 2.2 Fighting
 + Level 3.3 Long Blades
 + Level 1.9 Throwing
 + Level 0.2 Armour
 + Level 3.2 Dodging


You had 2 spell levels left.
You didn't know any spells.

Dungeon Overview and Level Annotations

Branches:
Dungeon (1/15)

Altars:


Innate Abilities, Weirdness & Mutations

You have sharp fingernails.
You are partially covered in sharp spines.


Message History

The bat is struck by your spines.
You kill the bat!
You see here a bat corpse.
You butcher the bat corpse.
l - 3 chunks of flesh (gained 1)
Found a chain mail.
You see here a bat skeleton.
Partly explored, can't reach some items and places.
Some of the chunks of flesh in your inventory have rotted away.
Really walk into a travel-excluded area? [Y]es or [N]o only, please.
Really walk into a travel-excluded area?
Uppercase [Y]es or [N]o only, please.
Really walk into a travel-excluded area?
You are engulfed in blazing flames.
Ouch! That really hurt!
* * * LOW HITPOINT WARNING * * *
You are engulfed in blazing flames.
Ouch! That really hurt!
You die...

########## #........#
#.#####...#
#############.# #§§§#
..............# #§.§#
..#.########### #.§§#
###
###...#############...##
#.#
#####..........§§§...$.§
#.#
...........[#..§@§.$$..§
#.#
............##.§§§.....§
#.#
#.........#########...##
####.# ##.......##...#
§§# #....#
.#.§§≈≈..##...# §#
#.##.# .#§§§≈≈≈.##.### #
#.##.# .#§≈≈?§≈.##.####
##....##
.#.≈≈>≈≈.#..##.#
#.###...
.#.≈≈(≈≈.##.#..# #.#
#.##


There were no monsters in sight!

Vanquished Creatures
  A gnoll (D:1)
  An ooze (D:1)
  A leopard gecko (D:1)
  9 bats (D:1)
  A giant cockroach (D:1)
  A goblin (D:1)
  3 hobgoblins (D:1)
  3 kobolds (D:1)
  A frilled lizard (D:1)
  A rat (D:1)
22 creatures vanquished.

Vanquished Creatures (others)
  A dart slug (D:1)
  A bat (D:1)
2 creatures vanquished.

Grand Total: 24 creatures vanquished

Notes
Turn   | Place    | Note
-------+----------+-------------------------------------------
     0 | D:1      | slep the Demonspawn Gladiator began the quest for the Orb.
     0 | D:1      | Reached XP level 1. HP: 16/16 MP: 1/1
   146 | D:1      | Gained mutation: You are partially covered in sharp spines. [demonic ancestry]
   146 | D:1      | Reached XP level 2. HP: 19/22 MP: 2/2
   284 | D:1      | Gained mutation: You have sharp fingernails. [demonic ancestry]
   284 | D:1      | Reached XP level 3. HP: 23/27 MP: 3/3
   517 | D:1      | Engulfed by a cloud of flame

Vault maps used:
D:1:      lemuel_arrival_lava_pool, minmay_misc_feat_more_columns,
          lemuel_flame_loot_1

Skill      XL: |  1  2 |
---------------+-------+-----
Dodging        | 3 |  3.2
Long Blades    | 3 |  3.3
Fighting       | |  2.2
Throwing       | |  1.9
Armour         | |  0.2

Action                   || total
-------------------------++-------
Melee: Long sword        ||    39
Armor: Leather armour    ||    12
Dodge: Dodged            ||    28
       Rpst.: Long sword ||    11

Table legend:
 A = Spawn XP
 B = Non-spawn XP
 C = Spawn XP percentage of total XP
 D = Spawn monster count
 E = Non-spawn monster count
 F = Spawn count percentage of total count
 G = Total turns spent on level
                    A         B        C        D         E        F      G
               +---------+---------+-------+---------+---------+-------+---------
         Total |       0 |      54 |   0.0 |       0 |      22 |   0.0 |   517
               +---------+---------+-------+---------+---------+-------+---------
           D:1 |       0 |      54 |   0.0 |       0 |      22 |   0.0 |   517
               +---------+---------+-------+---------+---------+-------+---------
